 Dungeon Crawl Stone Soup version 0.29.1-12-g30fa7ad0bf (webtiles) character file.

Game seed: 5056089303711828794

14696 Radix the Geomancer (level 12, -7/71 HPs)
             Began as a Gargoyle Earth Elementalist on Dec 16, 2022.
             Was a Believer of Vehumet.
             Killed from afar by a thorn hunter (27 damage)
             ... with a volley of thorns
             ... on level 3 of the Abyss on Dec 17, 2022.
             The game lasted 01:35:30 (10246 turns).

Radix the Geomancer (Gargoyle Earth Elementalist)  Turns: 10246, Time: 01:35:31

Health: -7/71      AC: 18    Str: 16    XL:     12   Next: 19%
Magic:  12/35      EV: 11    Int: 25    God:    Vehumet [**....]
Gold:   798        SH:  0    Dex: 10    Spells: 16/30 levels left

rFire   . . .      SeeInvis .   n - +4 dire flail
rCold   . . .      Faith    .   (shield currently unavailable)
rNeg    + . .      Spirit   .   b - +0 steam dragon scales
rPois   ∞          Reflect  .   c - +3 hat of Pondering {ponderous, Will+ MP+10 Int+5}
rElec   +          Harm     .   J - +0 cloak
rCorr   .          Rampage  .   A - +0 pair of gloves {Str+3}
Will    +....                   (no boots)
Stlth   ++........              (no amulet)
HPRegen 0.21/turn               (no ring)
MPRegen 0.24/turn               (no ring)

@: mighty, about to teleport, studying Air Magic, slow
A: sickness immunity, AC +8, negative energy resistance 1, electricity
resistance, torment resistance 1, petrification resistance
a: Renounce Religion


You were on level 3 of the Abyss.
You worshipped Vehumet.
Vehumet was pleased with you.
You visited 2 branches of the dungeon, and saw 10 of its levels.
You visited the Abyss 1 time.

You collected 1266 gold pieces.
You spent 468 gold pieces at shops.

Inventory:

Hand Weapons
 f - a +1 whip
 n - a +4 dire flail (weapon)
 x - a +3 rapier
 z - a +1 whip of venom
 B - a +1 whip of flaming
 F - a +3 flail
 H - a +0 morningstar
Armour
 a - a +1 robe
 b - +0 steam dragon scales (worn)
 c - the +3 hat of Pondering (worn) {ponderous, Will+ MP+10 Int+5}
   (You took it off Gastronok on level 8 of the Dungeon)

   Int:       It affects your intelligence (+5).
   MP:        It affects your magic capacity (+10).
   Will:      It increases your willpower.
 j - a +2 helmet
 y - a +1 robe of willpower
 A - a +0 pair of gloves of strength (worn)
 J - a +0 cloak (worn)
Jewellery
 q - a ring of see invisible
Wands
 p - a wand of mindburst (6) (quivered)
 G - a wand of paralysis (7)
 I - a wand of digging (7)
 K - a wand of flame (16)
Scrolls
 l - a scroll of amnesia
 o - 5 scrolls of teleportation
 u - a scroll of magic mapping
 w - a scroll of poison
Potions
 d - a potion of might
 e - a potion of haste
 g - a potion of cancellation
 h - a potion of mutation {unknown}
 m - 2 potions of brilliance {unknown}
 r - 4 potions of berserk rage
 s - a potion of resistance {unknown}
 t - a potion of attraction
 v - 3 potions of lignification
 D - a potion of flight {unknown}
 L - a potion of invisibility {unknown}


   Skills:
 + Level 6.5 Fighting
 + Level 3.1 Maces & Flails
 - Level 1.5 Dodging
 - Level 2.1 Stealth
 + Level 9.5 Spellcasting
 + Level 10.9 Conjurations
 + Level 3.2 Necromancy
 - Level 0.7 Transmutations
 + Level 12.5 Earth Magic
 + Level 2.8 Evocations


You had 16 spell levels left.
You knew the following spells:

 Your Spells              Type           Power      Damage    Failure   Level
a - Sandblast             Erth           100%       2d20      1%          1
b - Stone Arrow           Conj/Erth      100%       3d13      1%          3
c - Lee's Rapid Deconstr  Erth           33%        3d18*     1%          5
d - Borgnjor's Vile Clut  Necr/Erth      25%        N/A       5%          5

Your spell library contained the following spells:

 Spells                   Type           Power      Damage    Failure   Level
 Poisonous Vapours        Pois/Air       22%        N/A       8%          2
 Passwall                 Tmut/Erth      37%        N/A       1%          2
 Petrify                  Tmut/Erth      45%        N/A       3%          4
 Slow                     Hex            44%        N/A       5%          1
 Flame Wave               Conj/Fire      39%        2d11      5%          4
 Wereblood                Tmut           15%        N/A       6%          2
 Blink                    Tloc           22%        N/A       8%          2
 Scorch                   Fire           22%        2d6       8%          2
 Tukima's Dance           Hex            11%        N/A       16%         3
 Manifold Assault         Tloc           11%        N/A       82%         5
 Summon Cactus Giant      Summ           5%         N/A       100%        6
 Storm Form               Tmut/Air       6%         N/A       100%        7
 Summon Hydra             Summ           5%         N/A       100%        7
 Sublimation of Blood     Necr           Unusable   N/A       N/A         2

Dungeon Overview and Level Annotations

Branches:
Dungeon (9/15)             Temple (1/1) D:5
   Lair: D:8-11         Orc: D:9-12

Altars:
Ashenzari
Cheibriados
Dithmenos
Elyvilon
Fedhas
Gozag
Hepliaklqana
Kikubaaqudgha
Nemelex Xobeh
Trog
Uskayaw
Vehumet
Wu Jian
Xom
Yredelemnul
Zin
The Shining One

Shops:
D:3 *   D:6 :


Innate Abilities, Weirdness & Mutations

You are immune to sickness and miasma.
Your stone body is resilient. (AC +8)
You are immune to poison.
You resist negative energy. (rN+)
You are resistant to electric shocks. (rElec)
You are resistant to unholy torment.
You are immune to petrification.


Message History

You are engulfed in spectral mist.
You are engulfed in spectral mist.
A tentacled starspawn comes into view.
A thorn hunter comes into view.
Okay, then.
Casting: Stone Arrow (safe; 1% risk of failure)
Confirm with . or Enter, or press ? or * to list all spells.
Aiming: Borgnjor's Vile Clutch (dangerous; 5% risk of failure)
Press: ? - help, Shift-Dir - straight line, f - tentacled starspawn
Aim: a tentacled starspawn (spectral mist, 100% to hit)
Zombie hands grab the thorn hunter.
Zombie hands grab the tentacled starspawn.
You are engulfed in spectral mist.
The zombie hands constrict the thorn hunter.
The zombie hands constrict the tentacled starspawn.
The tentacled starspawn is engulfed in spectral mist.
A tentacle flies out from the starspawn's body!
The thorn hunter fires a volley of thorns at you.
The volley of thorns hits you.
* * * LOW HITPOINT WARNING * * *
A starspawn tentacle comes into view.
You feel very mighty all of a sudden.
You are engulfed in spectral mist.
The zombie hands constrict the thorn hunter!
The zombie hands constrict the tentacled starspawn.
The thorn hunter is engulfed in spectral mist.
The thorn hunter gestures.
The tentacled starspawn is engulfed in spectral mist.
The tentacled starspawn escapes!
Casting: Borgnjor's Vile Clutch (dangerous; 5% risk of failure)
Confirm with . or Enter, or press ? or * to list all spells.
Aiming: Stone Arrow (safe; 1% risk of failure)
Press: ? - help, Shift-Dir - straight line, f - thorn hunter
Aim: a thorn hunter (spectral mist, heavily damaged, constricted by zombie hands, 100% to hit)
The stone arrow hits the thorn hunter!!
The thorn hunter is severely damaged.
The zombie hands constrict the thorn hunter!
The thorn hunter is engulfed in spectral mist.
The thorn hunter fires a volley of thorns at you.
The volley of thorns hits you!!
You die...

# ###
. #@#
.
##f.#
.##
## #
. # #


You could see a thorn hunter (clutched).

Vanquished Creatures
  Gastronok (D:8)
  A revenant (Abyss:3)
  A two-headed ogre (D:9)
  Pikel (D:6)
  2 ugly things
  2 smoke demons (Abyss:3)
  Prince Ribbit (D:5)
  5 raiju (Abyss:3)
  A slime creature (D:9)
  3 flying skulls (Abyss:3)
  2 yaks
  A wraith (D:9)
  A shadow (D:8)
  A human (shapeshifter) (D:8)
  A wyvern (D:8)
  A fire bat (shapeshifter) (D:8)
  3 steam dragons
  2 vampire mosquitoes
  Menkaure (D:5)
  4 water moccasins
  Duvessa (D:5)
  2 small abominations (Abyss:3)
  4 sky beasts
  3 orc warriors (D:7)
  An ice beast (D:5)
  2 ogres
  7 black bears
  4 centaurs
  2 phantoms (D:4)
  A lemure (D:6)
  6 kobold brigands
  2 necrophages
  7 bullfrogs
  2 gnoll sergeants
  9 scorpions
  Dowan (D:5)
  7 wights
  7 howler monkeys
  5 jellies
  2 hounds
  2 gnoll boudas
  2 orc priests (D:8)
  5 iguanas
  6 orc wizards
  5 gnolls (D:7)
  8 adders
  2 shadow imps
  An ufetubus (D:5)
  3 worms
  2 dart slugs
  27 orcs
  2 endoplasms (D:1)
  2 giant cockroaches
  4 goblins
  3 hobgoblins
  7 jackals (D:4)
  2 quokkas
  10 ball pythons
  5 bats
  3 frilled lizards
  23 kobolds
  6 rats
240 creatures vanquished.

Vanquished Creatures (others)
  A tentacled starspawn (Abyss:3)
  A golden eye (Abyss:3)
  A small abomination (Abyss:3)
  4 plants (D:3)
  4 starspawn tentacles (Abyss:3)
11 creatures vanquished.

Grand Total: 251 creatures vanquished

Notes
Turn   | Place    | Note
-------+----------+-------------------------------------------
     0 | D:1      | Radix the Gargoyle Earth Elementalist began the quest for
                  | the Orb.
     0 | D:1      | Reached XP level 1. HP: 10/10 MP: 3/3
   335 | D:1      | Reached XP level 2. HP: 16/16 MP: 3/5
   404 | D:1      | Reached skill level 1 in Fighting
   594 | D:1      | Reached skill level 4 in Earth Magic
   885 | D:1      | Reached XP level 3. HP: 20/20 MP: 6/6
   970 | D:1      | Learned a level 3 spell: Stone Arrow
  1680 | D:3      | Found a faded altar of an unknown god.
  1998 | D:3      | Reached XP level 4. HP: 26/26 MP: 5/8
  2074 | D:3      | Found a shadowy altar of Dithmenos.
  2230 | D:3      | Reached skill level 1 in Conjurations
  2281 | D:3      | Found Jaones's Assorted Antiques.
  2614 | D:3      | Identified a scroll of acquirement
  2614 | D:3      | Acquired 676 gold pieces
  2642 | D:4      | Noticed a phantom
  2649 | D:4      | Reached XP level 5. HP: 29/31 MP: 5/9
  2656 | D:4      | Killed a phantom
  2657 | D:4      | Reached skill level 5 in Earth Magic
  2812 | D:4      | Noticed a black bear
  2825 | D:4      | Killed a black bear
  2826 | D:4      | Reached XP level 6. HP: 36/37 MP: 5/11
  2998 | D:4      | Noticed a sky beast
  3018 | D:4      | Reached XP level 7. HP: 28/42 MP: 0/12
  3443 | D:5      | Entered Level 5 of the Dungeon
  3540 | D:5      | Reached skill level 6 in Earth Magic
  3543 | D:5      | Noticed Prince Ribbit
  3549 | D:5      | Killed Prince Ribbit
  3551 | D:5      | Reached XP level 8. HP: 48/48 MP: 7/14
  3682 | D:5      | Noticed Menkaure
  3686 | D:5      | Killed Menkaure
  3687 | D:5      | Reached skill level 5 in Fighting
  3824 | D:5      | Reached skill level 5 in Spellcasting
  3824 | D:5      | Reached skill level 7 in Earth Magic
  3872 | D:5      | Reached skill level 5 in Conjurations
  4177 | D:5      | Found a staircase to the Ecumenical Temple.
  4183 | Temple   | Entered the Ecumenical Temple
  4440 | D:5      | Noticed Duvessa
  4440 | D:5      | Noticed Dowan
  4445 | D:5      | Killed Duvessa
  4447 | D:5      | Killed Dowan
  4448 | D:5      | Reached XP level 9. HP: 36/54 MP: 1/17
  4570 | D:5      | Reached skill level 8 in Earth Magic
  4855 | D:5      | Found a white marble altar of Elyvilon.
  5229 | D:6      | Found Luhinn's Book Boutique.
  5253 | D:6      | Bought the Disquisition on Baleful Silt for 468 gold pieces
  5264 | D:6      | Learned a level 5 spell: Lee's Rapid Deconstruction
  5267 | D:6      | Noticed Pikel
  5271 | D:6      | Killed Pikel
  5272 | D:6      | Reached skill level 9 in Earth Magic
  5594 | D:6      | Found an ancient bone altar of Kikubaaqudgha.
  5708 | D:6      | Reached XP level 10. HP: 59/59 MP: 12/20
  6003 | D:7      | Reached skill level 10 in Earth Magic
  7322 | D:7      | Found a radiant altar of Vehumet.
  7322 | D:7      | Found an opulent altar of Gozag.
  7325 | D:7      | Became a worshipper of Vehumet
  7968 | D:8      | Reached skill level 11 in Earth Magic
  7981 | D:8      | Reached * piety under Vehumet
  7981 | D:8      | Offered knowledge of Shock by Vehumet.
  8120 | D:8      | Found a broken altar of Ashenzari.
  8122 | D:8      | Found a sparkling altar of Nemelex Xobeh.
  8122 | D:8      | Found a hide-covered altar of Uskayaw.
  8280 | D:8      | Found a basalt altar of Yredelemnul.
  8372 | D:8      | Reached XP level 11. HP: 60/64 MP: 15/23
  8969 | D:8      | Learned a level 5 spell: Borgnjor's Vile Clutch
  8985 | D:8      | Noticed a green ugly thing
  8989 | D:8      | Killed a green ugly thing
  8990 | D:8      | Reached skill level 10 in Conjurations
  9066 | D:8      | Noticed Gastronok
  9079 | D:8      | Killed Gastronok
  9080 | D:8      | Reached skill level 1 in Necromancy
  9428 | D:9      | Noticed a cyan ugly thing
  9443 | D:9      | Reached skill level 12 in Earth Magic
  9530 | D:9      | Killed a cyan ugly thing
  9534 | D:9      | Reached skill level 1 in Maces & Flails
  9537 | D:9      | Reached skill level 1 in Evocations
  9753 | D:9      | Noticed a two-headed ogre
  9762 | D:9      | Killed a two-headed ogre
  9762 | D:9      | Reached ** piety under Vehumet
  9762 | D:9      | Offered knowledge of Poisonous Vapours by Vehumet.
  9851 | D:9      | Found a white marble altar of Elyvilon.
  9853 | D:9      | Noticed a wizard
  9854 | Abyss:3  | Cast into level 3 of the Abyss (a wizard)
  9867 | Abyss:3  | Noticed a dire elephant
  9868 | Abyss:3  | Noticed a purple draconian shifter
  9869 | Abyss:3  | Noticed a dire elephant
  9891 | Abyss:3  | Noticed a worldbinder
  9900 | Abyss:3  | Noticed a starcursed mass
  9912 | Abyss:3  | Noticed a thrashing horror
  9913 | Abyss:3  | Noticed a thrashing horror
 10099 | Abyss:3  | Reached XP level 12. HP: 20/70 MP: 0/25
 10220 | Abyss:3  | Noticed a tentacled starspawn
 10233 | Abyss:3  | Noticed a revenant
 10235 | Abyss:3  | Noticed a tentacled starspawn
 10240 | Abyss:3  | Killed a revenant
 10241 | Abyss:3  | Killed a tentacled starspawn
 10243 | Abyss:3  | Noticed a tentacled starspawn
 10243 | Abyss:3  | Noticed a thorn hunter
 10246 | Abyss:3  | Killed from afar by a thorn hunter

Illustrated notes

Levels and vault maps discovered:
D:1:      enne_arrival_octagon_isle, layout_loops_ring, minmay_door_square
D:2:      layout_basic
D:3:      layout_basic, mainiacjoe_overflow_small_starburst,
          nicolae_ecumenical_pavilion, serial_shops,
          nicolae_shop_overgrown_old_shop, minmay_misc_feat_five,
          wad_woods_river_04
D:4:      layout_cave_pools
D:5:      minmay_chambers_of_threes, layout_gridville, lemuel_crystal_altar,
          minmay_temple_entry_statues_pillars, minmay_manual_monstrance,
          uniq_prince_ribbit1, uniq_menkaure, uniq_duvessa
D:6:      layout_gridville, mainiacjoe_overflow_concentric_impassable,
          serial_shops, nicolae_diamond_shop, serial_bayou_pond_a, uniq_pikel
D:7:      layout_loops_corners, gammafunk_temple_overflow_elements,
          nzn_random_ring
D:8:      wad_statue_garden, layout_basic, kennysheep_mini,
          gammafunk_temple_overflow_claw, uniq_gastronok
D:9:      hangedman_cross_cluster, layout_basic, mainiacjoe_overflow_alcove_3,
          lemuel_flamethrower_1
Temple:   nicolae_temple_superstar
Abyss:3:  base: D:2, evilmike_abyss_rune_elephants_shrine,
          evilmike_abyss_exit_4, grunt_abyss_rune_forest_and_sorcery

Skill      XL: |  1  2  3  4  5  6  7  8  9 10 11 12 |
---------------+-------------------------------------+-----
Fighting       | 1 2 3 4 5 6 |  6.5
Earth Magic    | 4 5 6 7 9 11 12 | 12.5
Conjurations   | 1 2 3 4 5 7 9 10 | 10.9
Spellcasting   | 3 4 5 7 8 9 |  9.5
Necromancy     | 2 3 |  3.2
Maces & Flails | 2 3 |  3.1
Evocations     | 2 |  2.8
Dodging        | |  1.5
Stealth        | |  2.1
Transmutations | |  0.7

Action                   |  1- 3 |  4- 6 |  7- 9 | 10-12 || total
-------------------------+-------+-------+-------+-------++-------
Melee: Whip              |    18 |     9 |    16 |    44 ||    87
       Punch             |     1 |       |     1 |       ||     2
       Rapier            |       |       |    37 |       ||    37
       Flail             |       |       |       |    17 ||    17
       Dire flail        |       |       |       |    25 ||    25
 Cast: Sandblast         |    51 |    49 |    70 |   113 ||   283
       Stone Arrow       |       |       |    19 |    82 ||   101
       Lee's Rapid Decon |       |       |     3 |    15 ||    18
       Borgnjor's Vile C |       |       |       |     5 ||     5
Evoke: Wand              |       |       |     9 |     1 ||    10
  Use: Scroll            |       |    10 |     1 |    11 ||    22
       Potion            |       |       |       |    10 ||    10
Armor: Robe              |    14 |    27 |    84 |    68 ||   193
       Steam dragon scal |       |       |       |    72 ||    72
Dodge: Dodged            |    19 |    20 |    81 |    91 ||   211
